 Dungeon Crawl Stone Soup version 0.30-a0-605-gb2882149bf (webtiles) character file.

Game seed: 8271221388165221426

93604 wormed the Alchemist (level 16, -41/171 HPs)
             Began as an Octopode Transmuter on Jan 7, 2023.
             Was an Initiate of Gozag.
             Killed from afar by Notaij's ghost (45 damage)
             ... with a stone arrow
             ... on level 15 of the Dungeon.
             The game lasted 00:27:42 (22538 turns).

wormed the Alchemist (Octopode Transmuter)         Turns: 22538, Time: 00:27:43

Health: -41/171    AC: 20    Str: 22    XL:     16   Next: 9%
Magic:  29/31      EV: 24    Int: 21    God:    Gozag
Gold:   1501       SH:  0    Dex: 18    Spells: 24/37 levels left

rFire   + + .      SeeInvis .      - Unarmed
rCold   x . .      Faith    .    (shield currently unavailable)
rNeg    . . .      Spirit   .    (helmet currently unavailable)
rPois   +          Reflect  .    k - amulet of regeneration
rElec   .          Harm     .    w - +5 ring of evasion
rCorr   .          Rampage  .    b - +5 ring of evasion
Will    +....                    p - +4 ring of protection
Stlth   ++                       D - +6 ring of dexterity
HPRegen 1.28/turn                (no ring)
MPRegen 0.22/turn                (no ring)
                                 (no ring)
                                 (no ring)

@: dragon-form, wereblooded, flying
A: dragon claw, dragon scales, breathe fire, flying, boosted hp, almost no
armour, amphibious, 8 rings, giant, (camouflage 1), (gelatinous body 1), (nimble
swimmer 1), (tentacles)
a: Breathe Fire, End Transformation, Renounce Religion, Potion Petition, Call
Merchant, Bribe Branch


You were on level 15 of the Dungeon.
You worshipped Gozag.
Gozag was most pleased with you.
You were a fearsome dragon!
You visited 3 branches of the dungeon, and saw 21 of its levels.
You also visited: Ossuary.

You collected 7895 gold pieces.
You spent 1296 gold pieces at shops.
You paid 5098 gold pieces to Gozag.

Inventory:

Missiles
 f - 8 throwing nets
Armour
 l - a +1 hat of willpower (melded)
Jewellery
 b - a +5 ring of evasion (right foreclaw)
 k - an amulet of regeneration (around neck)
 p - a +4 ring of protection (on tentacle)
 w - a +5 ring of evasion (left foreclaw)
 D - a +6 ring of dexterity (on tentacle)
 M - a ring of magical power
Wands
 q - a wand of light (20)
 u - a wand of iceblast (23)
 z - a wand of mindburst (2)
 A - a wand of charming (19)
 F - a wand of flame (11)
Scrolls
 e - 4 scrolls of fear
 n - 6 scrolls of vulnerability
 s - 5 scrolls of enchant weapon
 t - 6 scrolls of teleportation
 y - 3 scrolls of blinking
 B - 2 scrolls of butterflies
 C - 4 scrolls of identify
 E - 2 scrolls of amnesia
 H - 3 scrolls of immolation
 I - a scroll of poison
 K - a scroll of fog
 L - a scroll of magic mapping
Potions
 a - 7 potions of lignification
 c - 6 potions of might
 d - 3 potions of heal wounds
 g - 7 potions of haste
 h - 8 potions of brilliance
 i - 15 potions of curing
 j - 4 potions of flight
 m - 2 potions of mutation
 o - 2 potions of cancellation
 r - 5 potions of invisibility
 v - 3 potions of resistance
 x - 3 potions of attraction
 G - a potion of magic
 J - 2 potions of berserk rage


   Skills:
 + Level 11.9 Fighting
 + Level 12.1 Dodging
 + Level 12.2 Unarmed Combat
 + Level 11.1 Spellcasting
 - Level 16.0 Transmutations
 - Level 4.0 Ice Magic


You had 24 spell levels left.
You knew the following spells:

 Your Spells              Type           Power      Damage    Failure   Level
a - Dragon Form           Tmut           34%        N/A       7%          7
b - Wereblood             Tmut           68%        N/A       0%          2
z - Ice Form              Ice/Tmut       52%        N/A       1%          4

Your spell library contained the following spells:

 Spells                   Type           Power      Damage    Failure   Level
 Beastly Appendage        Tmut           100%       N/A       0%          1
 Freeze                   Ice            100%       1d10      1%          1
 Spider Form              Tmut/Pois      45%        N/A       1%          3
 Blade Hands              Tmut           34%        N/A       1%          5
 Frozen Ramparts          Ice            56%        1d9       3%          3
 Apportation              Tloc           22%        N/A       6%          1
 Magic Dart               Conj           44%        1d5       6%          1
 Necrotise                Necr           44%        1d6       6%          1
 Shock                    Conj/Air       44%        1d5       6%          1
 Summon Small Mammal      Summ           44%        N/A       6%          1
 Irradiate                Conj/Tmut      22%        3d19      6%          5
 Hailstorm                Conj/Ice       20%        3d6       8%          3
 Call Imp                 Summ           11%        N/A       9%          2
 Dazzling Flash           Conj/Hex       22%        N/A       17%         3
 Kindle Blastsparks       Fire/Tloc/Air  22%        2d11      17%         3
 Mephitic Cloud           Conj/Pois/Air  11%        N/A       17%         3
 Swiftness                Air            11%        N/A       17%         3
 Airstrike                Air            5%         2d(1-17)  50%         4
 Iskenderun's Mystic Bla  Conj/Tloc      11%        2d4       50%         4
 Starburst                Conj/Fire      5%         6d4       100%        6


Dungeon Overview and Level Annotations

Branches:
Dungeon (15/15)            Temple (1/1) D:6            Lair (5/5) D:8
  Swamp (0/4) Lair:2        Snake (0/4) Lair:3        Slime (0/5) Lair:4
    Orc (0/2) D:10         Vaults (0/5) D:13         Depths (0/4) D:15
Ossuary (visited)

Altars:
Ashenzari
Cheibriados
Dithmenos
Elyvilon
Fedhas
Gozag
Hepliaklqana
Kikubaaqudgha
Makhleb
Nemelex Xobeh
Okawaru
Qazlal
Ru
Sif Muna
Trog
Uskayaw
Vehumet
Wu Jian
Xom
Yredelemnul
Zin
The Shining One
Jiyva

Shops:
D:4 (   D:8 *   D:9 :   D:13 *   Lair:1 ??   Lair:3 ?   Lair:5 ?

Annotations:
D:15 Notaij's ghost, journeyman DrEE
Lair:1 2 transporters, wormed's ghost, journeyman DgHu
Lair:3 1 runed translucent door, exclusion: oklob plant, wormed's ghost, journeyman OpTm


Innate Abilities, Weirdness & Mutations

You are a fearsome dragon!
You have a powerful clawing attack.
Your giant scaled body is strong and resiliant, but less evasive.
You can breathe fire.
You are flying.
Your maximum health is greatly increased.
Your armour is entirely melded.
You are incapable of wielding weapons or throwing items.
You cannot wear most types of armour.
You are amphibious.
You can wear up to eight rings at the same time.
((Your skin changes colour to match your surroundings (Stealth+).))
((Your rubbery body absorbs attacks. (AC +1, EV +1)))
((You are camouflaged when in or above water. (Stealth+)))
((You have tentacles for arms and can constrict up to eight enemies at once.))


Message History

The orc knight hits you with a +2 bardiche!!
Notaij's ghost points at you and mumbles some strange words.
The stone arrow misses you.
The orc knight attacks as you move away!
The orc knight hits you with a +2 bardiche!
The orc knight unwields a +0 long sword.
The orc knight wields a +0 arbalest.
The orc knight shoots a bolt.
The bolt barely misses you.
The orc knight hits you but does no damage.
Notaij's ghost points at you and mumbles some strange words.
The stone arrow misses you.
The orc knight unwields a +0 arbalest.
The orc knight wields a +0 long sword.
The orc knight completely misses you. x2; Notaij's ghost hits you!
There is an open door, spattered with blood here.
Things that are here:
6 gold pieces; a +0 dire flail; a +3 plate armour You closely miss Notaij's ghost.
You tail-slap Notaij's ghost, but do no damage.
Notaij's ghost is almost destroyed.
The orc knight hits you with a +0 long sword!
The orc knight hits you with a +2 bardiche!!
* * * LOW HITPOINT WARNING * * *
Notaij's ghost casts a spell at you. The stone arrow hits you!!
* * * LOW HITPOINT WARNING * * *
The orc knight attacks as you move away!
The orc knight misses you.
Notaij's ghost attacks as you move away!
Notaij's ghost hits you!
* * * LOW HITPOINT WARNING * * *
The orc no longer looks unusually strong.
The orc knight unwields a +0 long sword.
The orc knight wields a +0 arbalest.
The orc knight shoots a bolt.
The bolt hits you but does no damage.
The orc knight roars a battlecry!
The orc goes into a battle-frenzy!
Notaij's ghost casts a spell at you. The stone arrow hits you!!!
You die...
Your body crumbles into a pile of gold.

#......#...#.....#.# ##########
#......#...#.....#.#8...)[_.....
#......#...#.....'.#.......!....
#......#...#.....#.#.#8#..8..#8#
##'#####.###.....###.###o...o###
#...####.#......##.#....#####.o.
#....#...#......#..#o...Wo...o..
#....#...#......#W<######'''####
#....'...#.....D$oo8.....o......
##'########.....$#oo.............
#...........######o...##.......#.
#...........#..........#.......#.
#...........#..........+.......#.
#...........#..........#.......#)
#.?.........#...######.........#.
####'#############...###########.
#........[.....#.....# #...


You could see 2 orc knights, Notaij's ghost and 2 orcs.

Vanquished Creatures
  Rupert (D:13)
  Jorgrun (D:12)
  Gastronok (D:8)
  Louise (D:15)
  Josephine (D:10)
  Harold (Lair:2)
  A great orb of eyes (D:15)
  3 hydras
  Fannar (D:10)
  2 ogre magi (D:15)
  A rakshasa (D:15)
  A catoblepas (Lair:4)
  4 centaur warriors
  12 two-headed ogres
  A merfolk avatar (Lair:5)
  5 death yaks
  6 boulder beetles
  Sonja (Lair:3)
  Nergalle (Lair:3)
  A fire crab (Lair:5)
  Lodul (D:10)
  4 skeletal warriors (D:12)
  An orb spider (shapeshifter) (D:13)
  3 bog bodies (Lair:2)
  A wizard (D:15)
  3 orc knights
  4 manticores
  A harpy (Lair:5)
  A mana viper (shapeshifter) (D:13)
  2 deep elf zephyrmancers (D:11)
  A deep elf pyromancer (D:15)
  5 cyclopes
  14 ugly things
  Joseph (D:10)
  15 elephants
  4 black mambas
  11 cane toads
  A torpor snail (Lair:2)
  3 gargoyles
  An unseen horror (D:13)
  4 rime drakes
  9 komodo dragons
  A yaktaur (D:15)
  2 efreet
  4 trolls
  4 polar bears
  A wind drake (Lair:5)
  A merfolk (shapeshifter) (D:14)
  A hornet (shapeshifter) (D:15)
  23 blink frogs
  2 snapping turtles (Lair:5)
  11 dream sheep (Lair:5)
  9 slime creatures
  2 vampires
  3 shadows
  55 yaks
  5 wyverns
  4 basilisks
  4 wraiths
  4 steam dragons
  Menkaure (D:5)
  A warg (D:12)
  A swamp worm (Lair:2)
  16 water moccasins
  A floating eye (shapeshifter) (D:13)
  A swamp drake (D:11)
  2 sky beasts (D:7)
  4 black bears
  6 ice beasts
  5 orc warriors
  12 ogres
  19 wolves
  10 centaurs
  3 phantoms
  A kobold brigand (D:6)
  3 elf zombies (Ossuary)
  11 bullfrogs
  Blork the orc (D:5)
  A gnoll sergeant (D:8)
  3 necrophages
  3 scorpions
  An elf skeleton (D:8)
  10 wights
  13 killer bees
  5 electric eels
  A crimson imp (D:11)
  A centaur zombie (Ossuary)
  A hound (D:7)
  An iron imp (D:11)
  3 human zombies
  5 jellies
  5 orc priests
  A human skeleton (D:8)
  Ijyb (D:3)
  10 orc wizards
  2 mummies (Ossuary)
  4 gnolls (D:8)
  5 adders
  2 shadow imps
  4 white imps
  2 adder zombies (Ossuary)
  A worm (D:2)
  2 dart slugs
  53 orcs
  8 ball pythons
  4 endoplasms
  3 giant cockroaches
  7 goblins
  5 hobgoblins
  2 jackals (D:3)
  4 quokkas
  4 bats
  15 frilled lizards
  2 goblin zombies (Ossuary)
  8 hobgoblin zombies (Ossuary)
  A jackal zombie (Ossuary)
  13 kobolds
  9 kobold zombies (Ossuary)
  11 orc zombies
  5 rats
  A rat zombie (Ossuary)
  A butterfly (D:5)
613 creatures vanquished.

Vanquished Creatures (others)
  An orc (D:11)
  5 fungi
  24 plants
30 creatures vanquished.

Grand Total: 643 creatures vanquished

Notes
Turn   | Place    | Note
-------+----------+-------------------------------------------
     0 | D:1      | wormed the Octopode Transmuter began the quest for the Orb.
     0 | D:1      | Reached XP level 1. HP: 13/13 MP: 3/3
   187 | D:1      | Reached XP level 2. HP: 16/18 MP: 3/5
   684 | D:1      | You fall into a shaft and drop 1 floor!
   826 | D:2      | Reached XP level 3. HP: 19/23 MP: 4/6
   829 | D:2      | Learned a level 2 spell: Wereblood
   970 | D:2      | Reached skill level 1 in Ice Magic
  1470 | D:2      | Reached XP level 4. HP: 28/28 MP: 3/7
  2027 | D:3      | Reached skill level 3 in Transmutations
  2096 | D:3      | Noticed Ijyb
  2114 | D:3      | Killed Ijyb
  2208 | D:3      | Reached XP level 5. HP: 34/34 MP: 6/8
  2710 | D:3      | Learned a level 4 spell: Ice Form
  2742 | D:4      | Noticed an ogre
  2742 | D:4      | Found Rofibuuc's Antique Weapon Boutique.
  2754 | D:4      | Killed an ogre
  2755 | D:4      | Reached XP level 6. HP: 40/40 MP: 4/10
  3969 | D:5      | Entered Level 5 of the Dungeon
  3979 | D:5      | Noticed Blork the orc
  3988 | D:5      | Killed Blork the orc
  3989 | D:5      | Reached skill level 4 in Transmutations
  4030 | D:5      | Found a white marble altar of Elyvilon.
  4038 | D:5      | Reached XP level 7. HP: 45/45 MP: 6/11
  4367 | D:5      | Noticed Menkaure
  4375 | D:5      | Killed Menkaure
  4381 | D:5      | Reached skill level 5 in Transmutations
  4596 | D:5      | Reached XP level 8. HP: 52/52 MP: 8/13
  4640 | D:5      | Found a blossoming altar of Fedhas.
  4985 | D:6      | Found a glowing golden altar of the Shining One.
  5031 | D:6      | Got the Tome of Toxicants and the Sixfirhy
  5136 | D:6      | Noticed a troll
  5147 | D:6      | Killed a troll
  5148 | D:6      | Reached skill level 6 in Transmutations
  5216 | D:6      | Found a staircase to the Ecumenical Temple.
  5324 | D:6      | Reached skill level 5 in Unarmed Combat
  5376 | Temple   | Entered the Ecumenical Temple
  5570 | D:6      | Reached XP level 9. HP: 58/58 MP: 10/15
  6620 | D:7      | Reached skill level 5 in Dodging
  6660 | D:7      | Reached skill level 7 in Transmutations
  7259 | D:8      | Found a sand-covered staircase.
  7269 | Ossuary  | Entered an ossuary
  7518 | Ossuary  | Reached skill level 5 in Fighting
  7574 | Ossuary  | Reached skill level 5 in Spellcasting
  7920 | D:8      | Noticed a death yak
  7972 | D:8      | Noticed Gastronok
  8003 | D:8      | Killed Gastronok
  8004 | D:8      | Reached skill level 8 in Transmutations
  8004 | D:8      | Reached XP level 10. HP: 54/68 MP: 13/18
  8275 | D:8      | Found a staircase to the Lair.
  8289 | D:8      | Killed a death yak
  8329 | D:8      | Reached skill level 9 in Transmutations
  8578 | D:8      | Found Agruargh's Assorted Antiques.
  8622 | D:8      | Bought a scroll of identify for 76 gold pieces
  8622 | D:8      | Bought a scroll labelled EVVIOKA ZIDDA for 38 gold pieces
  8622 | D:8      | Bought a scroll labelled VELUYC LO YXT for 38 gold pieces
  8984 | D:9      | Reached XP level 11. HP: 73/73 MP: 11/20
  8997 | D:9      | Found a glowing silver altar of Zin.
  9062 | D:9      | Found Nebbow's Self-Improvement Boutique.
  9119 | D:9      | Noticed a two-headed ogre
  9127 | D:9      | Killed a two-headed ogre
  9245 | D:9      | Noticed a two-headed ogre
  9256 | D:9      | Killed a two-headed ogre
  9314 | D:9      | Reached skill level 10 in Transmutations
  9506 | D:10     | Entered Level 10 of the Dungeon
  9772 | D:10     | Noticed Joseph
  9794 | D:10     | Killed Joseph
  9856 | D:10     | Noticed Lodul
  9860 | D:10     | Found a snail-covered altar of Cheibriados.
  9931 | D:10     | Killed Lodul
 10022 | D:10     | Noticed Josephine
 10031 | D:10     | Killed Josephine
 10040 | D:10     | Found a staircase to the Orcish Mines.
 10216 | D:10     | Noticed Fannar
 10254 | D:10     | Killed Fannar
 10431 | D:10     | Noticed a cyclops
 10444 | D:10     | Killed a cyclops
 10445 | D:10     | Reached skill level 11 in Transmutations
 10510 | D:10     | Found a radiant altar of Vehumet.
 10598 | D:10     | Found a shimmering blue altar of Sif Muna.
 10598 | D:10     | Found a bloodstained altar of Trog.
 10600 | D:10     | Found an opulent altar of Gozag.
 10601 | D:10     | Found a basalt altar of Yredelemnul.
 10620 | D:10     | Became a worshipper of Gozag Ym Sagoz the Greedy
 10721 | D:11     | Noticed a cyclops
 10726 | D:11     | Killed a cyclops
 10727 | D:11     | Reached XP level 12. HP: 76/81 MP: 10/22
 10862 | D:11     | Noticed a two-headed ogre
 10871 | D:11     | Killed a two-headed ogre
 11898 | Lair:1   | Entered Level 1 of the Lair of Beasts
 12156 | Lair:1   | Identified the +3 long sword of Saltpetre {flame, rN++
                  | SInv}
 12297 | Lair:1   | Reached skill level 12 in Transmutations
 12376 | Lair:1   | Found a transporter.
 12383 | Lair:1   | Found a transporter.
 12386 | Lair:1   | Found a bloodstained altar of Trog.
 12387 | Lair:1   | Noticed wormed's ghost (journeyman DgHu)
 12733 | Lair:1   | Bought a scroll of acquirement for 520 gold pieces
 12734 | Lair:1   | Acquired 1142 gold pieces
 12795 | Lair:2   | Reached XP level 13. HP: 87/89 MP: 25/25
 12836 | Lair:1   | Bought a scroll of acquirement for 624 gold pieces
 12837 | Lair:1   | Acquired 988 gold pieces
 13065 | Lair:2   | Noticed Harold
 13085 | Lair:2   | Killed Harold
 13343 | Lair:2   | Found a staircase to the Swamp.
 13390 | Lair:2   | Reached skill level 13 in Transmutations
 14211 | Lair:3   | Noticed Sonja
 14241 | Lair:3   | Killed Sonja
 14273 | Lair:3   | Found a runed translucent door.
 14306 | Lair:3   | Noticed Nergalle
 14315 | Lair:3   | Killed Nergalle
 14572 | Lair:3   | Found a staircase to the Snake Pit.
 15390 | Lair:3   | Noticed wormed's ghost (journeyman OpTm)
 15799 | Lair:3   | Learned a level 7 spell: Dragon Form
 15925 | Lair:4   | Reached skill level 10 in Unarmed Combat
 16246 | Lair:4   | Found a viscous altar of Jiyva.
 16259 | Lair:4   | Found a staircase to the Slime Pits.
 16732 | Lair:5   | Entered Level 5 of the Lair of Beasts
 16787 | Lair:5   | Reached XP level 14. HP: 98/98 MP: 23/27
 16877 | Lair:5   | Reached skill level 10 in Dodging
 16893 | Lair:5   | Reached skill level 14 in Transmutations
 16978 | Lair:5   | Reached skill level 10 in Fighting
 17840 | Lair:5   | Reached skill level 15 in Transmutations
 18797 | D:12     | Reached skill level 10 in Spellcasting
 18906 | D:12     | Noticed Jorgrun
 18913 | D:12     | Killed Jorgrun
 18914 | D:12     | Reached XP level 15. HP: 105/105 MP: 22/29
 20059 | D:13     | Noticed Rupert
 20076 | D:13     | Killed Rupert
 20302 | D:13     | Found a gate to the Vaults.
 21412 | D:15     | Entered Level 15 of the Dungeon
 21418 | D:15     | Reached skill level 16 in Transmutations
 21547 | D:15     | Found a sparkling altar of Nemelex Xobeh.
 21637 | D:15     | Noticed Louise
 21671 | D:15     | Killed Louise
 21924 | D:15     | Found a runed translucent gate.
 21928 | D:15     | Found a runed translucent gate.
 21928 | D:15     | Found a runed translucent gate.
 21932 | D:15     | Noticed Notaij's ghost (journeyman DrEE)
 21934 | D:15     | Identified the +4 plate armour of the Hills {-Tele Harm
                  | rF++ Dex+3}
 22131 | D:15     | Reached XP level 16. HP: 114/114 MP: 22/31
 22251 | D:15     | Found a staircase to the Depths.
 22538 | D:15     | HP: 3/171 [Notaij's ghost (8)]
 22538 | D:15     | Killed from afar by Notaij's ghost

Illustrated notes

Levels and vault maps discovered:
D:1:      dpeg_arrival_ternary, layout_basic
D:2:      layout_loops_corners, minmay_lizard_king
D:3:      layout_basic, uniq_ijyb
D:4:      layout_layer_cave, nicolae_stop_n_shop_1
D:5:      layout_basic, nicolae_elyvilon_peaceful_grove, fedhas_altar_2,
          uniq_menkaure, uniq_blork_the_orc
D:6:      layout_cave_pods, mainiacjoe_overflow_chevrons,
          minmay_temple_entry_junction
D:7:      layout_basic
D:8:      layout_gridville, david_lair_generic, serial_shops,
          nicolae_diamond_shop, nicolae_ossuary_entry_catacombs, st_stairs_3,
          uniq_gastronok
D:9:      layout_rooms, zin_treasury, nicolae_shop_self_help
D:10:     layout_cave_pools, kennysheep_little_box,
          mainiacjoe_overflow_alcove_2, mainiacjoe_overflow_alcove_3,
          hiddenorc1_lemuel, uniq_josephine, uniq_fannar, uniq_lodul,
          uniq_joseph
D:11:     layout_basic, hangedman_minor_magic
D:12:     layout_loops_corners, portal_ice_cave_entry_pillars_1, uniq_jorgrun
D:13:     layout_basic, david_vaults_2, uniq_rupert
D:14:     layout_small_grid, serial_bayou_ford_a
D:15:     gammafunk_enter_depths_forms, layout_gridville,
          nemelex_xobeh_ov_fountains_minmay, biasface_ghost_orc_armoury,
          uniq_louise
Temple:   nicolae_temple_no_exploring_needed
Lair:1:   layout_roguey, gammafunk_ghost_wrathful_warriors,
          gammafunk_lair_bear_cave
Lair:2:   layout_cave_pods, nicolae_swamp_entry_splash_gauntlet,
          lemuel_fruit_tree, lemuel_fruit_fields, infiniplex_staircase_pool_2,
          uniq_harold
Lair:3:   layout_chaotic_city, minmay_snake_entry_six_corridors,
          ebering_ghost_reflecting_pool, minmay_lair_oklob_bushes,
          uniq_nergalle, uniq_sonja
Lair:4:   layout_gridlike, nicolae_slime_entry_field_trip,
          chequers_serial_rivers_small_b, grunt_megastairs_3
Lair:5:   gammafunk_lair_ancient_temple, layout_hall_layers, grunt_megastairs_2

Skill      XL: |  1  2  3  4  5  6  7  8  9 10 11 12 13 14 15 16 |
---------------+-------------------------------------------------+-----
Ice Magic      | 1 2 3 4 |  4.0
Transmutations | 3 4 5 6 8 9 11 12 13 15 16 | 16.0
Fighting       | 2 3 4 5 6 7 8 9 10 11 | 11.9
Dodging        | 3 4 6 7 8 9 10 11 12 | 12.1
Spellcasting   | 3 4 5 6 7 8 9 10 11 | 11.1
Unarmed Combat | 4 5 6 7 8 9 10 11 12 | 12.2

Action                   |  1- 3 |  4- 6 |  7- 9 | 10-12 | 13-15 | 16-18 || total
-------------------------+-------+-------+-------+-------+-------+-------++-------
Melee: Unarmed           |    68 |   103 |   312 |   576 |   747 |    31 ||  1837
       Constrict         |    17 |    22 |       |     1 |     1 |       ||    41
       Kick              |    17 |    25 |       |       |       |       ||    42
       Tentacles         |     5 |     7 |     2 |     2 |     6 |       ||    22
       Punch             |       |     2 |       |     1 |    40 |     1 ||    44
       Tailslap          |       |       |       |       |    78 |     7 ||    85
       Bite              |       |       |       |       |    69 |     3 ||    72
 Cast: Beastly Appendage |    23 |    10 |     1 |       |       |       ||    34
       Wereblood         |     7 |    11 |    13 |    38 |    37 |     2 ||   108
       Ice Form          |       |     8 |    35 |    39 |    27 |       ||   109
       Dragon Form       |       |       |       |       |    36 |     2 ||    38
Invok: Call Merchant     |       |       |       |     2 |     3 |       ||     5
  Use: Scroll            |       |    13 |     3 |    10 |     7 |       ||    33
       Potion            |       |       |       |     1 |       |       ||     1
 Stab: Sleeping          |     4 |     4 |       |       |     2 |       ||    10
       Distracted        |       |       |       |       |    13 |       ||    13
       Held in net/web   |       |       |       |       |     1 |       ||     1
Armor: Skin              |     7 |    16 |    51 |   124 |   191 |     9 ||   398
Dodge: Dodged            |    50 |    56 |   217 |   609 |   744 |    34 ||  1710

Table legend: (Time is in decaauts)
 A = Elapsed time spent in this place.
 B = Non-inter-level travel time spent in this place.
 C = Inter-level travel time spent in this place.
 D = Time resting spent in this place.
 E = Time spent auto-exploring this place.
 F = Levels seen in this place.
 G = Mean time per level.
                   A        B        C        D        E       F      G
               +--------+--------+--------+--------+--------+-----+--------+
         Total |  22356 |  21213 |   1143 |    407 |  16790 |  22 | 1016.2 |
       Dungeon |  15465 |  14614 |    851 |     20 |  11971 |  15 | 1031.0 |
        Temple |      4 |      2 |      2 |      0 |      0 |   1 |    4.0 |
          Lair |   6524 |   6235 |    289 |    387 |   4610 |   5 | 1304.8 |
       Ossuary |    362 |    362 |      0 |      0 |    209 |   1 |  362.0 |
               +--------+--------+--------+--------+--------+-----+--------+

Top non-repeatable levels by time:
  Lair:3: 1715 daAuts
  Lair:5: 1523 daAuts
  Lair:2: 1398 daAuts
     D:8: 1342 daAuts
     D:6: 1255 daAuts
     D:4: 1220 daAuts
    D:11: 1188 daAuts
     D:2: 1163 daAuts
     D:7: 1154 daAuts
    D:15: 1105 daAuts
    D:12: 1103 daAuts
  Lair:4: 1033 daAuts
    D:10: 1019 daAuts
     D:5: 995 daAuts
  Lair:1: 853 daAuts
